Cogmind - Beta 10.1 @@@ ROGUE MODE // 2020.09.30 @ 14:12:25 Player: Demise Result: Destroyed by P-60 Hacker with Shock Rifle Performance ------------- Evolutions (1) 500 Regions Visited (5) 1000 Robots Destroyed (57) 285 Value Destroyed (1248) 1248 Prototype IDs (25) 500 Alien Tech Used (0) 0 Bonus (820) 820 TOTAL SCORE: 4353 Bonus ------- Follower Combat Kills 543 Aligned with FarCom 300 Friendly Fire -23 Cogmind --------- Core Integrity 0/400 Matter 186/300 Energy 69/250 System Corruption 3% Temperature Cool (6) Movement Core (950) Ox18 Location -9/Exiles Parts ------- > --- POWER (1) -------- Ion Engine > --- PROPULSION (2) --- (None) > --- UTILITY (4) ------ Large Storage Unit Lightpack 2.0 Hardened Medium Armor Plating > --- WEAPON (2) ------- Firepult > --- INVENTORY (30) --- Advanced Treads Advanced Treads Improved Heat Sink Medium Storage Unit Large Storage Unit Large Storage Unit Humpback Humpback High-capacity Battery (400) Superbattery (2000) High-capacity Matter Pod (0) Experimental Sensor Array Targeting Computer Improved EM Shotgun Improved EM Shotgun Improved EM Shotgun Particle Cannon Advanced Beam Cannon Advanced Beam Cannon Mini Grenade Launcher Improved Datajack Mining Laser Peak State ------------ > --- POWER ------------ Ion Engine > --- PROPULSION ------- (None) > --- UTILITY ---------- Large Storage Unit Lightpack 2.0 Hardened Medium Armor Plating > --- WEAPON ----------- Firepult > --- INVENTORY -------- Advanced Treads Advanced Treads Improved Heat Sink Medium Storage Unit Large Storage Unit Large Storage Unit Humpback Humpback High-capacity Battery Superbattery High-capacity Matter Pod Experimental Sensor Array Targeting Computer Improved EM Shotgun Improved EM Shotgun Improved EM Shotgun Particle Cannon Advanced Beam Cannon Advanced Beam Cannon Mini Grenade Launcher Improved Datajack Mining Laser [Rating: 50] Favorites ----------- Power Light Nuclear Core Engine Light Ion Engine Power Core Light Nuclear Core Propulsion Advanced Treads Treads Advanced Treads Leg Aluminum Leg Utility Large Storage Unit Device Improved Heat Sink Storage Large Storage Unit Protection Hardened Medium Armor Plating Weapon Improved EM Shotgun Energy Gun Improved EM Shotgun Energy Cannon Beam Cannon Ballistic Gun Heavy Assault Rifle Ballistic Cannon Slug Cannon Launcher Grenade Launcher Special Weapon Mining Laser Build | -11 -10 -10 -9 -9 -9 ------- Run | Scr Mat Min Mat Min Exi Slots Evolved 2 | . . . 2 . . Power . | . . . . . . Propulsion . | . . . . . . Utility 2 | . . . 2 . . Weapon . | . . . . . . Parts Attached 67 | 3 12 4 31 1 16 Power 6 | . 1 . 3 1 1 Engine 4 | . . . 3 . 1 Core 2 | . 1 . . 1 . Reactor . | . . . . . . Propulsion 9 | 2 1 1 5 . . Treads 9 | 2 1 1 5 . . Leg . | . . . . . . Wheel . | . . . . . . Hover . | . . . . . . Flight . | . . . . . . Utility 20 | 1 4 . 8 . 7 Device 3 | . . . 2 . 1 Storage 11 | 1 4 . 3 . 3 Processor . | . . . . . . Hackware . | . . . . . . Protection 6 | . . . 3 . 3 Artifact . | . . . . . . Weapon 32 | . 6 3 15 . 8 Energy Gun 13 | . 4 1 6 . 2 Energy Cannon 9 | . 2 . 3 . 4 Ballistic Gun 3 | . . . 3 . . Ballistic Cannon 3 | . . 1 . . 2 Launcher 1 | . . 1 . . . Special Weapon 3 | . . . 3 . . Impact Weapon . | . . . . . . Slashing Weapon . | . . . . . . Piercing Weapon . | . . . . . . Special Melee Weapon . | . . . . . . Unidentified Prototypes 2 | . . . 2 . . Parts Lost 13 | . 2 3 . . 8 Power 1 | . . . . . 1 Propulsion 3 | . . 1 . . 2 Utility 2 | . . . . . 2 Weapon 7 | . 2 2 . . 3 Highest Loss Streak 7 | . 2 2 . . 7 Average Slot Usage (%) 96 | . 99 92 98 100 89 Engine 5 | . 11 . 7 7 . Core 6 | . 2 14 3 3 10 Treads 23 | . 27 26 22 22 21 Device 2 | . . . 8 . 1 Storage 26 | . 28 28 24 33 21 Protection 7 | . . . 10 11 12 Energy Gun 13 | . 12 2 11 22 18 Energy Cannon 5 | . 15 7 3 . 1 Ballistic Gun 1 | . . . 4 . . Ballistic Cannon 2 | . . 9 1 . 1 Naked Turns . | . . . . . . Heaviest Build 115 | 14 35 39 67 67 115 Greatest Support 44 | 40 40 40 44 44 44 Greatest Overweight (x) 9 | . . 1 1 1 9 Average Overweight (x) . | . . . . 1 1 Largest Inventory Capacity 30 | 8 14 14 22 22 30 Average Capacity 17 | 7 11 14 16 22 24 Most Carried 30 | 8 13 14 22 22 30 Average Carried 16 | 6 10 13 16 22 21 Final Capacity 30 | 8 14 14 22 22 30 Final Carried 24 | 8 13 14 22 22 24 Class Distribution -------------------- 56% | Mutant 37% | Hauler-Mutant 5% | Scavenger-Mutant Dominant Class ---------------- Mutant | -10/Materials Mutant | -10/Mines Mutant | -9/Materials Hauler-Mutant | -9/Mines Hauler-Mutant | -9/Exiles Resources | -11 -10 -10 -9 -9 -9 ----------- Run | Scr Mat Min Mat Min Exi Matter Collected 1826 | 297 365 319 579 10 256 Remotely . | . . . . . . Salvage Created 1833 | 178 511 127 564 271 182 Parts 138 | 20 44 2 37 27 8 Haulers Intercepted 4 | . 2 . 2 . . Recyclers Shooed 3 | 2 . . 1 . . Parts Field Recycled . | . . . . . . Retrieved Matter . | . . . . . . Parts Self-Destructed . | . . . . . . Prevented . | . . . . . . Kills | -11 -10 -10 -9 -9 -9 ------- Run | Scr Mat Min Mat Min Exi Combat Hostiles Destroyed 37 | . 10 2 10 11 4 Guns 19 | . 6 . 4 7 2 Cannons 11 | . 4 1 5 . 1 AOE 7 | . . 1 1 4 1 Classes Destroyed 13 | 3 5 1 2 . 2 Worker 4 | 2 . 1 . 1 . Tunneler 4 | 4 . . . . . Hauler 4 | . 2 . 2 . . Recycler 2 | 1 . 1 . . . Operator 2 | . 1 . 1 . . Watcher 4 | . 3 . 1 . . Swarmer 14 | . 3 . 2 9 . Grunt 17 | . 7 1 5 2 2 Brawler 1 | . . . 1 . . Sentry 2 | . . . 2 . . Demolisher 1 | . . 1 . . . Hunter 1 | . . . . . 1 Programmer 1 | . . . . . 1 Best Kill Streak 4 | 3 3 1 4 4 4 Combat Bots Only 4 | . 3 1 4 4 4 Max Kills in Single Turn 4 | 1 2 1 1 4 1 Gunslinging 1 | . 1 . . 1 . Exploded 4 | . . 1 1 4 1 Melee . | . . . . . . Uniques/NPCs Destroyed . | . . . . . . Combat | -11 -10 -10 -9 -9 -9 -------- Run | Scr Mat Min Mat Min Exi Damage Taken 3246 | . 435 492 284 150 1885 Core 563 | . 77 77 24 27 358 Absorbed by Shields . | . . . . . . Core Remaining (%) 69 | 100 . 38 . . . Volleys Fired 194 | 20 47 17 45 11 54 Largest 2 | 2 2 2 2 2 2 Hottest 250 | 90 120 88 136 90 250 Shots Fired 325 | 40 93 18 78 22 74 Gun 196 | 40 67 1 46 22 20 Cannon 117 | . 26 13 24 . 54 Launcher 4 | . . 4 . . . Special 8 | . . . 8 . . Kinetic 69 | . . 9 20 . 40 Thermal 162 | 40 74 5 29 . 14 Explosive 4 | . . 4 . . . Electromagnetic 90 | . 19 . 29 22 20 Robot Hit Streak 11 | 6 7 8 7 9 11 Robot Miss Streak 4 | 3 4 2 3 4 3 Penetration Max . | . . . . . . Secondary Targets 5 | . 2 . 1 2 . Max Gunslinging Chain 1 | . 1 . 1 1 . Shots Hit Robots 201 | 22 53 12 48 17 49 Core Hits 84 | 8 21 8 19 17 11 Critical Hits 10 | . . 2 . . 8 Critical Kills 1 | . . 1 . . . Critical Parts Destroyed 4 | . . 1 . . 3 Melee Attacks . | . . . . . . Impact . | . . . . . . Slashing . | . . . . . . Piercing . | . . . . . . Sneak Attacks . | . . . . . . Combat Hostiles . | . . . . . . Follow-up Attacks . | . . . . . . Damage Inflicted 3634 | 147 802 351 905 407 1022 Guns 1459 | 147 457 11 409 278 157 Cannons 1750 | . 301 301 386 . 762 Explosions 421 | . 44 35 110 129 103 Melee . | . . . . . . Ramming 4 | . . 4 . . . Kinetic 1025 | . . 231 180 . 614 Thermal 1608 | 147 603 81 397 129 251 Explosive 35 | . . 35 . . . Electromagnetic 962 | . 199 . 328 278 157 Impact . | . . . . . . Slashing . | . . . . . . Piercing . | . . . . . . Highest Corruption 3 | . 2 2 . . 3 Average Corruption 2 | . 1 2 . . 2 Corruption Purged . | . . . . . . Effects 27 | . 16 7 . . 4 Message Errors 8 | . 5 3 . . . Heat Flow Errors 6 | . 4 2 . . . Energy Discharges 3 | . 2 . . . 1 Data Loss (minor) 3 | . 1 2 . . . Targeting Errors 5 | . 4 . . . 1 Weapon Failures 2 | . . . . . 2 Overload Shots . | . . . . . . Overflow Damage 13 | . . . 12 . 1 Projectiles 1 | . . . . . 1 Explosions 12 | . . . 12 . . Melee . | . . . . . . Knockbacks 11 | . . 2 . . 9 Impact . | . . . . . . Kinetic 11 | . . 2 . . 9 Secondary . | . . . . . . Self-Inflicted Damage 106 | . . 18 28 27 33 Shots 5 | . . 2 1 1 1 Rammed 1 | . . 1 . . . Targets Rammed 1 | . . 1 . . . Kicked . | . . . . . . Crushed . | . . . . . . Highest Temperature 496 | 162 496 131 225 126 472 Average Temperature 100 | 62 102 46 57 47 174 Received Heat Transfer 369 | . 150 45 60 36 78 Effects 10 | . 3 . . . 7 Shutdowns 3 | . 1 . . . 2 Energy Bleed 4 | . 2 . . . 2 Interference 2 | . . . . . 2 Damage (minor) 1 | . . . . . 1 Siege Activations . | . . . . . . Robots Corrupted . | . . . . . . Combat Hostiles . | . . . . . . Parts Fried 5 | . 2 . 1 . 2 Impact Corruptions . | . . . . . . Robots Melted . | . . . . . . Combat Hostiles . | . . . . . . Parts Melted 4 | . 2 . 2 . . Heat Transferred 2871 | 385 1301 173 681 100 231 Parts Sabotaged . | . . . . . . Parts Stolen . | . . . . . . Parts Stripped . | . . . . . . Power Chain Reactions 5 | . 1 . 1 1 2 Missiles Intercepted . | . . . . . . Alert | -11 -10 -10 -9 -9 -9 ------- Run | Scr Mat Min Mat Min Exi Peak Influence 315 | 35 174 107 315 204 . Initial 75 | . 22 2 . 75 . Average 100 | 21 59 20 152 143 . Maximum Alert Level 1 | . . . 1 1 . Low Security (%) 84 | 100 100 100 70 77 . Level 1 15 | . . . 29 22 . Level 2 . | . . . . . . Level 3 . | . . . . . . Level 4 . | . . . . . . Level 5 . | . . . . . . High Security . | . . . . . . Max Security . | . . . . . . Squads Dispatched 4 | . 1 . 3 . . Investigation 3 | . 1 . 2 . . Extermination . | . . . . . . Reinforcement 1 | . . . 1 . . Assault . | . . . . . . Garrison . | . . . . . . Intercept . | . . . . . . Construction Impeded . | . . . . . . Haulers Reinforced . | . . . . . . Stealth | -11 -10 -10 -9 -9 -9 --------- Run | Scr Mat Min Mat Min Exi Distress Signals 5 | . 1 . 4 . . Communications Jammed . | . . . . . . Distress Signals . | . . . . . . Times Spotted 78 | . 17 5 29 15 12 Peak Tracking Total 14 | . 4 3 5 4 14 Tactical Retreats 5 | . . . 2 . 3 Traps | -11 -10 -10 -9 -9 -9 ------- Run | Scr Mat Min Mat Min Exi Traps Triggered 6 | . 5 . 1 . . Indirectly . | . . . . . . Trap Hack Attempts . | . . . . . . Triggered . | . . . . . . Disarmed . | . . . . . . Reprogrammed . | . . . . . . Reused . | . . . . . . Traps Extracted . | . . . . . . Installed . | . . . . . . Triggered . | . . . . . . Exploded 2 | . . . . . 2 Machines | -11 -10 -10 -9 -9 -9 ---------- Run | Scr Mat Min Mat Min Exi Machines Disabled 5 | . 1 . . . 4 Max in Single Turn 1 | . 1 . . . 1 Machines Sabotaged . | . . . . . . Garrisons Compromised . | . . . . . . Overloaded Fab Kills . | . . . . . . Fab Network Shutdowns . | . . . . . . Hacking | -11 -10 -10 -9 -9 -9 --------- Run | Scr Mat Min Mat Min Exi Machines Accessed 23 | . 9 . 12 . 2 Terminals 14 | . 6 . 8 . . Fabricators . | . . . . . . Repair Stations 3 | . 1 . 2 . . Recycling Units 2 | . 2 . . . . Scanalyzers 2 | . . . 2 . . Garrison Access . | . . . . . . Total Hacks 58 | . 23 . 33 . 2 Successful 38 | . 12 . 24 . 2 Failed 19 | . 10 . 9 . . Catastrophic 3 | . 1 . 2 . . Database Lockouts 1 | . 1 . . . . Manual 25 | . 13 . 11 . 1 Terminals 34 | . 14 . 20 . . Fabricators . | . . . . . . Repair Stations 11 | . 5 . 6 . . Recycling Units 4 | . 4 . . . . Scanalyzers 7 | . . . 7 . . Garrison Access . | . . . . . . Terminal Hacks 18 | . 5 . 11 . 2 Record 1 | . . . . . 1 Part Schematic 1 | . . . 1 . . Robot Analysis 4 | . 2 . 2 . . Branch Access Points 2 | . 1 . 1 . . Terminal Index 1 | . . . 1 . . Unreport Threat 2 | . 1 . 1 . . Locate Traps 2 | . 1 . 1 . . Hauler Manifests 1 | . . . 1 . . Registered Prototypes 1 | . . . 1 . . Zone Layout 2 | . . . 2 . . EX-Prototype ID Bank 1 | . . . . . 1 Fabricator Hacks . | . . . . . . Repair Station Hacks 11 | . 5 . 6 . . Scan Component 5 | . 2 . 3 . . Repair 5 | . 2 . 3 . . Refit 1 | . 1 . . . . Recycling Unit Hacks 2 | . 2 . . . . Report Inventory 2 | . 2 . . . . Scanalyzer 7 | . . . 7 . . Insert Component 3 | . . . 3 . . Analyze 4 | . . . 4 . . Garrison Access Hacks . | . . . . . . Unauthorized Hacks . | . . . . . . Terminals . | . . . . . . Fabricators . | . . . . . . Repair Stations . | . . . . . . Recycling Units . | . . . . . . Scanalyzers . | . . . . . . Garrison Access . | . . . . . . Data Cores Recovered 1 | . 1 . . . . Used . | . . . . . . Hacking Detections 16 | . 7 . 9 . . Full Trace Events 4 | . 2 . 2 . . Feedback Events . | . . . . . . Feedback Blocked . | . . . . . . Robot Schematics Acquired . | . . . . . . Robots Built . | . . . . . . Matter . | . . . . . . Time . | . . . . . . Total Robot Build Rating . | . . . . . . Part Schematics Acquired 4 | . . . 4 . . Parts Built . | . . . . . . Matter . | . . . . . . Time . | . . . . . . Total Part Build Rating . | . . . . . . Parts Repaired 5 | . 2 . 3 . . Time 166 | . 52 . 114 . . Parts Recycled . | . . . . . . Recycled Matter . | . . . . . . Retrieved Matter . | . . . . . . Retrieved Components . | . . . . . . Parts Scanalyzed 3 | . . . 3 . . Part Schematics Acquired 3 | . . . 3 . . Parts Damaged . | . . . . . . Bothacking | -11 -10 -10 -9 -9 -9 ------------ Run | Scr Mat Min Mat Min Exi Used RIF Installer . | . . . . . . Robots Hacked . | . . . . . . Non-combat . | . . . . . . Combat . | . . . . . . Robot Hacks Applied . | . . . . . . Relay Couplers Released . | . . . . . . Robots Rewired . | . . . . . . Allies Hacked . | . . . . . . Hacks Repelled . | . . . . . . Allies | -11 -10 -10 -9 -9 -9 -------- Run | Scr Mat Min Mat Min Exi Total Allies 6 | . . 4 . 2 . Largest Group 4 | . . 4 4 2 2 Highest-Rated Group 71 | . . 71 71 39 39 Highest-Rated Ally 31 | . . 31 31 31 31 Total Orders . | . . . . . . Ally Attacks 110 | . . 5 91 14 . Total Damage 1435 | . . 72 1238 125 . Kills 25 | . . 3 18 4 . Allies Corrupted . | . . . . . . Allies Melted . | . . . . . . Intel | -11 -10 -10 -9 -9 -9 ------- Run | Scr Mat Min Mat Min Exi Robot Analysis Total 3 | . 2 . 1 . . Derelict Logs Recovered 3 | . . 1 . 2 . Drone Launches . | . . . . . . Drone Recoveries . | . . . . . . Exploration | -11 -10 -10 -9 -9 -9 ------------- Run | Scr Mat Min Mat Min Exi Turns Passed 6298 | 197 1272 860 1889 905 1175 Spaces Moved 3278 | 85 652 504 971 516 550 Core 5 | . . . . . 5 Treads 3249 | 61 652 504 971 516 545 Legs 24 | 24 . . . . . Wheels . | . . . . . . Hover . | . . . . . . Flight . | . . . . . . Fastest Speed 120 | 120 160 160 145 165 145 Average Speed 164 | 148 160 161 164 165 173 Slowest Speed 500 | 160 160 180 180 165 500 Overloaded Moves . | . . . . . . Propulsion Burnouts . | . . . . . . Robots Hopped . | . . . . . . Cave-ins Triggered . | . . . . . . Exploration Rate (%) 74 | 4 95 96 80 99 70 Regions Visited 5 Branch Regions 3 Pre-discovered Areas 2 | . . 1 . . 1 Known Exits Taken 3 | . 1 . 1 1 . Unknown Exits Taken 2 | 1 . 1 . . . Scrap Searched 3 | . . 2 . 1 . Spaces Dug 7 | . . . 7 . . Terrain Destroyed 53 | . . 19 9 5 20 Melee . | . . . . . . Projectile 20 | . . 1 7 . 12 AOE 33 | . . 18 2 5 8 Terrain Rammed . | . . . . . . Walls Destroyed . | . . . . . . Machines Disabled . | . . . . . . Actions | -11 -10 -10 -9 -9 -9 --------- Run | Scr Mat Min Mat Min Exi Total 3873 | 121 794 534 1177 548 699 Wait 170 | . 59 2 86 13 10 Move 3273 | 84 651 503 970 515 550 Hop . | . . . . . . Pick Up 89 | 7 11 4 16 1 50 Fast Attach 33 | 1 6 2 14 1 9 Attach 13 | 2 1 2 1 . 7 Detach 6 | 2 . 1 2 . 1 Swap 21 | . 5 . 16 . . Drop 68 | 5 14 2 27 2 18 Fire 194 | 20 47 17 45 11 54 Melee . | . . . . . . Ram . | . . . . . . Kick . | . . . . . . Crush 1 | . . 1 . . . Escape Stasis . | . . . . . . Rewire 5 | . . . . 5 . Trap . | . . . . . . Miscellaneous . | . . . . . . Route ------- -11/Scrapyard -10/Materials (discovered 4 exits: *Mat x3 / *Min) -10/Mines (discovered 2 exits: *Mat x2) -9/Materials (discovered 3 exits: [*Mat x2] / *Min) -9/Mines (discovered 3 exits: [*Mat x2] / *Exi) -9/Exiles (discovered 1 exit: [*Min]) History --------- Turn | Location | Event 17 | -11/Scrapyard | Discovered new exit (range 3) 198 | -11/Scrapyard | Entered Materials 290 | -10/Materials | Central database locked down 314 | -10/Materials | Identified exit to Mines 322 | -10/Materials | Build established: Mutant 693 | -10/Materials | Repaired Sml. Laser 888 | -10/Materials | Discovered new exit (range 13) 1055 | -10/Materials | Discovered new exit (range 10) 1303 | -10/Materials | Discovered new exit (range 16) 1415 | -10/Materials | Repaired Lgt. Treads 1470 | -10/Materials | Entered Mines 1481 | -10/Mines | Received a Rocket Launcher from a helpful Derelict 1552 | -10/Mines | Assembled infested the area 1720 | -10/Mines | Core integrity fell below 50% 1765 | -10/Mines | A weapon hastily lodged in a ceiling crevice suddenly fell to the ground 1822 | -10/Mines | Discovered new exit (range 8) 2025 | -10/Mines | Assisted by bots powering up and referring to "LRC-V3" 2150 | -10/Mines | Escorted by a lone wolf Derelict 2170 | -10/Mines | Learned location of Storage (-8) 2321 | -10/Mines | Discovered new exit (range 5) 2330 | -10/Mines | Entered Materials 2330 | -9/Materials | Accompanied by 4 allies 2330 | -9/Materials | Evolved 2 slots: Utility x2 2362 | -9/Materials | Identified exit to Mines 2677 | -9/Materials | Build established: Scavenger-Mutant 2736 | -9/Materials | Discovered new exit (range 15) 3047 | -9/Materials | Build established: Mutant 3048 | -9/Materials | Repaired Lgt. Angular Momentum Engine 3082 | -9/Materials | Repaired Hvy. Assault Rifle 3277 | -9/Materials | Repaired Hvy. EM Pulse Gun 3588 | -9/Materials | Discovered new exit (range 16) 4091 | -9/Materials | Build established: Hauler-Mutant 4219 | -9/Materials | Entered Mines 4231 | -9/Mines | Learned location of 1 exit from Materials 4389 | -9/Mines | Identified exit to Exiles 4503 | -9/Mines | Discovered new exit (range 8) 4686 | -9/Mines | Found a damaged Exp. Sensor Array with a note attached 4689 | -9/Mines | Found Prototype Device 4801 | -9/Mines | Discovered new exit (range 5) 5109 | -9/Mines | Deemed a non-threat by the Exiles lab entrance 5124 | -9/Mines | Entered Exiles 5124 | -9/Exiles | Accompanied by 2 allies 5154 | -9/Exiles | Led the pair of lost Derelicts to a safe place 5182 | -9/Exiles | Met 8R-AWN 5208 | -9/Exiles | Met EX-HEX 5524 | -9/Exiles | Met EX-DEC 5559 | -9/Exiles | Learned location of Zion (-7) 5676 | -9/Exiles | Met EX-BIN 5702 | -9/Exiles | Aligned with FarCom system 5704 | -9/Exiles | Given EX-Vault access code 5746 | -9/Exiles | Opened EX-Vault 5757 | -9/Exiles | Found Lightpack 2.0 5762 | -9/Exiles | Found Superbattery 5767 | -9/Exiles | Found Firepult 5811 | -9/Exiles | Warned to stay clear of 0b10 Research branches 5825 | -9/Exiles | Exiles lab attacked by MAIN.C 5931 | -9/Exiles | Discovered new exit (range 10) 5984 | -9/Exiles | Attacked by the Exiles 6273 | -9/Exiles | Core integrity fell below 50% 6292 | -9/Exiles | Core integrity fell below 20% 6299 | -9/Exiles | Destroyed by P-60 Hacker with Shock Rifle Last Messages --------------- 06263_ Adv. Treads destroyed. 06264_ Lgt. Nuclear Core destroyed. 06264_ System corrupted: Slug Cannon targeting data glitched. 06264_ G-34 Mercenary destroyed. 06265_ Slug penetrates Wall. 06267_ Overheating: System interference. 06267_ Slug Cannon temporarily disabled. 06268_ Penetrated by Slug. 06268_ Hrd. Medium Armor Plating destroyed. 06269_ Slug penetrates Wall. 06272_ Penetrated by Slug. 06277_ Slug Cannon destroyed. 06278_ Penetrated by Slug. 06278_ Slug penetrates Wall. 06287_ Slug penetrates Earth. 06290_ G-34 Mercenary destroyed. 06291_ Slug penetrates Wall. 06292_ System corrupted: Energy discharge (-36). 06294_ Slug penetrates Wall. 06299_ System corrupted: Firepult failed to cycle. Map ----- +----------------------------------------------------+ | ?????????????????????????????????????????????????# | | ?????????????????????????????????????????????????# | | ?????????????????????????????????????????????????? | | ?????????????????????????????????????????????????? | | ?????????????????????????????????????????????????? | | ?????????????????????????????????????????????????? | | ?????????????????????????????????????????????????? | | ?????????????????????????????????????????????????? | | ?????????????????????????????????????????????###?? | | ????????????????????????????????????????????"""""? | | ##??????????????????????????????????????????""" # | | ##???????????????????????????????????????#""X" | | #???????????????????????????????????????#" | | #???????????????????????????????????????#" # | | ###?????????????????????????????????????#""""""? | | #???????????????????????????????????????"###?? | | ###???????????????????????????????????????????? | | " #???????????????????????????????????????????? | | "###??????????????????????????????????????????# | | " #??????????#######?????????????????????????# | | "######??????#!!! "#?????????????????????????# | | #""##?????# "#?????????????????????????# | | #?????# "#?##??????????????????????# | | # ##???## ;# #?????????##???????????# | | " #####" h# ##????????? """????????# | | ### ## %!% @#?????????" """#???????# | | ??## #"" [p;;# #?????????" ????????? | | ???#"## =%"h g##????????"" ????????? | | ???#####"" *=;####?????????"" "#???????? | | ???????##### !%[#???????????? ""????????? | | ???########" ! ###???????????" "?????????# | | ???# !!""""" ##??????????# #????????## | | ???#! "### ######???### ###?######" | | ???#! "#?##" [ * "#####X# #"###"""""" | | ???#! ##??#" """""" " " | | ???# !""""""###???#"# "" """ " | | ???#########??????#### =%* " " | | ?????????????????????### | | ???????????????????????### | | ?????????????????????????## | | ??????????????????????????## | | ???????????????????????????##" | | ????????????????????????????# "" "" | | ???????????????????????????##" ### | | ???????????????????????????#"" % ""##?? | | ???????????????????????????#""" """##??? | | ??????????????????????????#""" """##???? | | ??????????????????????????#""" ""#????? | | ??????????????????????????#"" ####### | | ??????????????????????????#""" ## | +----------------------------------------------------+ Best States ------------- Heat Dissipation 42 Energy Generation 18 Energy Capacity 250 Matter Stores 300 Matter Capacity 300 Sight Range 16 Terrain Scan Density 10 Armor Coverage 675 Evasion (%) 40 Recoil Reduction 2 Item Schematics ----------------- Hcp. Storage Unit | -9/Materials | Hacked Hcp. Battery | -9/Materials | Scanalyzed Hacking Suite | -9/Materials | Scanalyzed Hcp. Matter Pod | -9/Materials | Scanalyzed Robot Schematics ------------------ None Fabricated ------------ Nothing Alien Tech Used ----------------- None Achievements -------------- None Challenges ------------ None Game ------ Seed SmartbombDimensionalWings Manual? 0 Play Time 00:57:42 Cumulative 9.1 hours Start 2020.09.30 @ 13:13:14 End 2020.09.30 @ 14:12:25 Sessions 1 Manual Loads 0 Difficulty Rogue Special Mode None Game No. 9 Rogue 9 Adventurer 0 Explorer 0 Win Type - Total 0 Types 0/0/0/0/0/0/0/0/0 Lore% 15 Gallery% 14 Achievement% 46 Wizard Run 0 Options --------- ASCII 0 Keyboard 1 Movement Numpad Keybinds 0 Fullscreen 1 Font 12/Terminus Map View 83x54 Tactical HUD 1 Map Filters NONE Filters NONE Steam 1 RUN: ccd0c02d-32e7-4a07-8805-e16c872b2ca3